 Dungeon Crawl Stone Soup version 0.28.0-45-g0d030f2227 (webtiles) character file.

Game seed: 16361218911130076475

207 Eitelfritz the Cudgeller (level 5, -2/45 HPs)
             Began as a Minotaur Gladiator on Apr 8, 2022.
             Slain by Natasha (7 damage)
             ... on level 3 of the Dungeon.
             The game lasted 00:03:45 (2954 turns).

Eitelfritz the Cudgeller (Minotaur Gladiator)       Turns: 2954, Time: 00:03:46

Health: -2/45      AC:  3    Str: 18    XL:     5   Next: 54%
Magic:  4/4        EV: 13    Int:  7    God:
Gold:   109        SH:  0    Dex: 12    Spells: 4/4 levels left

rFire   . . .      SeeInvis .   a - +0 flail
rCold   . . .      Faith    .   (no shield)
rNeg    . . .      Spirit   .   b - +0 leather armour
rPois   .          Reflect  .   c - +0 hat
rElec   .          Harm     .   (no cloak)
rCorr   .          Rampage  .   (no gloves)
Will    .....                   (no boots)
Stlth   +.........              (no amulet)
HPRegen 0.15/turn               (no ring)
MPRegen 0.09/turn               (no ring)

@: slowed, very slow
A: horns 2, retaliatory headbutt
a: no special abilities


You were on level 3 of the Dungeon.
You visited 1 branch of the dungeon, and saw 3 of its levels.

You collected 109 gold pieces.

Inventory:

Hand Weapons
 a - a +0 flail (weapon)
Missiles
 d - 3 throwing nets
 e - 3 boomerangs
 h - 8 poisoned darts (quivered)
 i - 34 arrows
Armour
 b - a +0 leather armour (worn)
 c - a +0 hat (worn)
 l - a +0 scale mail
Scrolls
 g - a scroll of enchant armour {unknown}
 j - a scroll of summoning {unknown}
 k - a scroll of identify {unknown}
Potions
 f - a potion of flight {unknown}


   Skills:
 + Level 3.0 Fighting
 + Level 5.6 Maces & Flails
 + Level 2.3 Throwing
 + Level 2.8 Armour
 + Level 4.2 Dodging
 + Level 0.6 Stealth


You had 4 spell levels left.
You didn't know any spells.
Your spell library was empty.

Dungeon Overview and Level Annotations

Branches:
Dungeon (3/15)

Altars:

Annotations:
D:3 3 runed translucent doors, Natasha; aloneDruid's ghost, amateur DrGl


Innate Abilities, Weirdness & Mutations

You have a pair of horns on your head.
You reflexively headbutt those who attack you in melee.


Message History

AloneDruid's ghost wails.
Natasha is nearby!
Natasha hisses angrily.
Natasha stares at you and mumbles some strange words.
You feel yourself slow down.
Natasha stares at you and mumbles some strange words.
You resist with some effort.
You see here a jackal corpse.
Natasha misses you. Natasha closely misses you.
You closely miss Natasha.
Natasha casts a spell.
Natasha claws you!
You barely miss Natasha. Natasha casts a spell at you. The magic dart hits you.
You sock Natasha! Your headbutt misses Natasha.
Natasha is heavily wounded.
Natasha zaps a wand.
The puff of flame hits you but does no damage.
The crimson imp barely misses you. You furiously retaliate!
You headbutt the crimson imp!
Natasha zaps a wand.
The puff of flame hits you!
You barely miss Natasha.
Natasha is heavily wounded.
The crimson imp hits you.
* * * LOW HITPOINT WARNING * * *
Natasha closely misses you.
Natasha mumbles some strange words.
Natasha glows brightly for a moment.
Natasha zaps a wand.
The puff of flame hits you.
* * * LOW HITPOINT WARNING * * *
The crimson imp barely misses you.
You hit Natasha. Your headbutt misses Natasha.
Natasha is almost dead.
The crimson imp blinks!
Natasha drinks a potion.
Natasha is healed!
You closely miss Natasha. Your headbutt misses Natasha. You punch Natasha.
Natasha is moderately wounded.
Natasha claws you.
* * * LOW HITPOINT WARNING * * *
Natasha claws you!
You die...

##.....# #........# #.
##......####.#.#....##...
........... ....?.......
##...##### #.#....##...
##..#### #..)...h..#
##....# ###5##.####
#....# #.###.##.# ##...#
#....h§..# ##.##
#####@#### #.# #†# #.#
##.## #.# #.).###.# #.#
#####......... #.#
#.......###.#.
.#####.####.####.##
...................
#######..............


You could see Natasha and a crimson imp (summoned).

Vanquished Creatures
  An ogre (D:2)
  Terence (D:2)
  Natasha (D:3)
  2 adders (D:2)
  A dart slug (D:2)
  An orc (D:3)
  3 bats
  3 endoplasms (D:1)
  A giant cockroach (D:2)
  3 goblins
  4 hobgoblins
  5 jackals
  8 kobolds
  A quokka (D:1)
  7 ball pythons
  3 frilled lizards
  6 rats
51 creatures vanquished.

Notes
Turn   | Place    | Note
-------+----------+-------------------------------------------
     0 | D:1      | Eitelfritz the Minotaur Gladiator began the quest for the
                  | Orb.
     0 | D:1      | Reached XP level 1. HP: 18/18 MP: 0/0
   340 | D:1      | Reached XP level 2. HP: 25/25 MP: 1/1
   546 | D:1      | Reached skill level 4 in Maces & Flails
   769 | D:1      | Reached XP level 3. HP: 30/30 MP: 2/2
  1404 | D:2      | Reached skill level 1 in Armour
  1556 | D:2      | Found a faded altar of an unknown god.
  1961 | D:2      | Noticed Terence
  1970 | D:2      | Killed Terence
  1971 | D:2      | Reached XP level 4. HP: 16/37 MP: 3/3
  2203 | D:2      | Noticed an ogre
  2313 | D:2      | Killed an ogre
  2314 | D:2      | Reached skill level 5 in Maces & Flails
  2314 | D:2      | Reached XP level 5. HP: 23/44 MP: 4/4
  2764 | D:3      | Found a runed translucent gate.
  2764 | D:3      | Found a runed translucent gate.
  2766 | D:3      | Found a runed translucent gate.
  2767 | D:3      | Noticed aloneDruid's ghost (amateur DrGl)
  2780 | D:3      | Noticed Natasha
  2787 | D:3      | Killed Natasha
  2887 | D:3      | Noticed Natasha
  2954 | D:3      | Slain by Natasha

Illustrated notes

Levels and vault maps discovered:
D:1:      dpeg_arrival_fog, layout_basic
D:2:      layout_basic, ebering_ecumenical_altar_mist, serial_aquarium,
          aquarium_bridge_long_joined [aquarium_subvault_balcony,
          aquarium_subvault_bridge, aquarium_subvault_window,
          aquarium_subvault_bridge, aquarium_subvault_bridge,
          aquarium_subvault_wall], aquarium_window_1, aquarium_window_1,
          aquarium_window_fake, aquarium_window_1, aquarium_view_2d,
          aquarium_view_2f, aquarium_pool_double, uniq_terence
D:3:      layout_loops_corners, gammafunk_ghost_split, uniq_robin, uniq_jessica,
          uniq_natasha

Skill      XL: |  1  2  3  4  5 |
---------------+----------------+-----
Maces & Flails | 4 5 |  5.6
Dodging        | 4 |  4.2
Armour         | 1 2 |  2.8
Fighting       | 3 |  3.0
Throwing       | |  2.3
Stealth        | |  0.6

Action                   |  1- 3 |  4- 6 || total
-------------------------+-------+-------++-------
Melee: Flail             |    83 |    33 ||   116
       Headbutt          |     7 |       ||     7
       Punch             |     1 |     2 ||     3
Throw: Dart              |       |     6 ||     6
Armor: Leather armour    |    16 |     5 ||    21
Dodge: Dodged            |    57 |    26 ||    83
